 Seeded DCSS version 0.31-a0-507-gbafd7f5274 (webtiles) character file.

Game seed: 11267003436938285035 (custom seed)

1214 innerfire43 the Insei (level 8, 0/90 HPs)
             Began as a Gnoll Shapeshifter on Aug 9, 2023.
             Slain by an orc warrior
             ... wielding a +0 glaive
              (2 damage)
             ... in a bailey.
             The game lasted 00:06:07 (4299 turns).

innerfire43 the Insei (Gnoll Shapeshifter)          Turns: 4299, Time: 00:06:08

Health: 0/90       AC: 28    Str: 14    XL:     8   Next: 46%
Magic:  13/13      EV:  2    Int:  8    God:
Gold:   271        SH:  0    Dex: 15    Spells: 13/13 levels left

rFire   . .          .
                       - Unarmed
rCold   . . .        (no shield)
rNeg    . . .        t - melded +4 ring mail of Context {Int+3}
rPois   +            (helmet currently unavailable)
rElec   .            y - melded +0 cloak
rCorr   .            (gloves currently unavailable)
SInv    .            (boots currently unavailable)
Will    .....        h - amulet of the acrobat
Stlth   ++           e - +4 ring of protection
HPRegen 0.35/turn    (no ring)
MPRegen 0.13/turn

%: acrobat
@: tree-form
A: stationary, stasis, torment immunity, boosted hp, (fangs 1), strong nose,
distributed training
a: no special abilities


You were in a bailey.
You were a tree.
You visited 1 branch of the dungeon, and saw 6 of its levels.
You also visited: Bailey.

You collected 271 gold pieces.

Inventory:

Armour
 a - a +0 animal skin
 t - the +4 ring mail of Context (melded) {Int+3}
   (You found it on level 3 of the Dungeon)

   Int+3:     It affects your intelligence (+3).
 y - a +0 cloak (melded)
Jewellery
 e - a +4 ring of protection (left branch)
 h - an amulet of the acrobat (around neck)
Talismans
 c - a beast talisman
 d - a flux talisman
Scrolls
 i - 4 scrolls of enchant armour {unknown}
 l - 2 scrolls of enchant weapon
 p - a scroll of amnesia
 q - 3 scrolls of teleportation
 r - 2 scrolls of blinking
 x - a scroll of poison
Potions
 f - 3 potions of brilliance {unknown}
 o - a potion of enlightenment {unknown}
 s - a potion of attraction {unknown}
 v - a potion of haste {unknown}
 w - 2 potions of degeneration


   Skills:
 + Level 4.3 Fighting
 + Level 3.3 Short Blades
 + Level 3.3 Long Blades
 + Level 3.3 Axes
 + Level 3.3 Maces & Flails
 + Level 3.3 Polearms
 + Level 3.3 Staves
 + Level 3.3 Ranged Weapons
 + Level 3.3 Throwing
 + Level 3.3 Armour
 + Level 5.7 Dodging
 + Level 3.3 Stealth
 + Level 3.3 Shields
 + Level 7.4 Unarmed Combat
 + Level 3.3 Spellcasting
 + Level 2.7 Conjurations
 + Level 2.7 Hexes
 + Level 2.7 Summonings
 + Level 2.7 Necromancy
 + Level 2.7 Translocations
 + Level 2.7 Transmutations
 + Level 2.7 Fire Magic
 + Level 2.7 Ice Magic
 + Level 2.7 Air Magic
 + Level 2.7 Earth Magic
 + Level 2.7 Poison Magic
 + Level 3.7 Invocations
 + Level 3.3 Evocations
 + Level 7.1 Shapeshifting


You had 13 spell levels left.
You didn't know any spells.
Your spell library contained the following spells:

 Spells                   Type           Power      Damage    Failure   Level
 Apportation              Tloc           10%        N/A       10%         1
 Necrotise                Necr           20%        1d5       10%         1
 Shock                    Conj/Air       20%        1d4       10%         1
 Summon Small Mammal      Summ           20%        N/A       10%         1
 Blink                    Tloc           10%        N/A       16%         2
 Ensorcelled Hibernation  Hex/Ice        10%        N/A       16%         2
 Lesser Beckoning         Tloc           10%        N/A       16%         2
 Momentum Strike          Conj/Tloc      10%        3d8       16%         2
 Passwall                 Tmut/Erth      4%         N/A       16%         2
 Swiftness                Air            5%         N/A       30%         3
 Airstrike                Air            2%         2d(1-17)  69%         4
 Alistair's Intoxication  Tmut/Pois      3%         N/A       95%         5


Dungeon Overview and Level Annotations

Branches:
Dungeon (8/15)             Temple (0/1) D:4          Bailey (1/1)
   Lair: D:8-11

Altars:
Hepliaklqana
Kikubaaqudgha
Trog
Jiyva


Innate Abilities, Weirdness & Mutations

You are a tree.
Your roots penetrate the ground, keeping you stationary.
You cannot be teleported.
You are immune to unholy pain and torment.
Your maximum health is greatly increased.
Your equipment is partially melded.
((You have very sharp teeth.))
Your uncanny sense of smell can sniff out nearby items.
Your experience applies equally to all skills.


Message History

You kill your butterfly!
Your butterfly disappears in a burst of colours!
Your butterfly is poisoned.
Your butterfly is engulfed in poison gas.
Your butterfly looks even sicker.
You kill your butterfly!
Your butterfly disappears in a burst of colours!
The orc warrior completely misses you. The orc misses you.
The orc warrior closely misses you. x2
You closely miss the orc.
The orc warrior hits you with a +0 halberd.
The orc warrior barely misses you. The orc barely misses you. x2
You completely miss the orc.
The orc warrior hits you with a +0 halberd!
The orc warrior hits you from afar with a +0 glaive!
* * * LOW HITPOINT WARNING * * *
The orc misses you. The orc hits you but does no damage.
Unknown command.
You hit the orc but do no damage.
The orc begins to glow.
The orc warrior hits you but does no damage.
You hit the orc but do no damage.
The orc glows dangerously bright.
The orc warrior misses you. The orc hits you but does no damage.
The orc barely misses you.
The orc warrior hits you with a +0 halberd!
* * * LOW HITPOINT WARNING * * *
Unknown command.
Your transformation has ended.
You turn into a tree.
Your +0 cloak melds into your body.
The +4 ring mail of Context {Int+3} melds into your body.
Your roots penetrate the ground.
The orc warrior hits you but does no damage.
The orc barely misses you. The orc completely misses you.
The orc warrior hits you with a +0 halberd!
* * * LOW HITPOINT WARNING * * *
Okay, then.
You pummel the orc!!
You kill the orc!
The orc hits you but does no damage.
The orc warrior hits you from afar with a +0 glaive.
You die...

#♣..∩..∩..♣#
#..°.°.....#
##...°°°..°.##
###.......°....
♣♣............♣.
#♣..♣.♣......°♣♣°##
#≈≈.....°°..°......
#≈≈≈....#.°..#......♣♣
#≈≈≈≈≈≈≈#)♣..#≈≈≈≈...♣
#≈≈≈≈≈≈≈#..o.#≈≈≈≈≈≈.♣
#≈≈≈≈≈≈≈#.oo.#≈≈≈≈≈≈≈♣♣#
#♣♣≈≈≈≈≈#....#≈≈≈≈≈≈≈≈≈#
♣♣♣♣...#°.).#...≈≈≈≈≈≈#
#♣....♣............≈≈≈≈#
#.......°...........≈≈≈#
#..####........####..≈≈#
##.#∆.####''####.$#♣♣♣♣#


You could see 2 orc warriors and an orc.

Vanquished Creatures
  Grinder (D:5)
  A water moccasin (D:5)
  2 orc warriors
  2 scorpions
  An orc priest (D:3)
  4 hounds
  5 jellies
  2 iguanas
  A sleepcap (D:5)
  3 orc wizards
  3 gnolls (D:3)
  4 adders
  A white imp (D:5)
  2 worms
  3 dart slugs
  19 orcs
  6 ball pythons
  3 bats
  7 endoplasms
  3 giant cockroaches
  5 goblins
  7 hobgoblins
  2 jackals (D:1)
  5 kobolds
  2 quokkas
  5 frilled lizards
  5 rats
104 creatures vanquished.

Notes
Turn   | Place    | Note
-------+----------+-------------------------------------------
     0 | D:1      | innerfire43 the Gnoll Shapeshifter began the quest for the
                  | Orb.
     0 | D:1      | Reached XP level 1. HP: 17/17 MP: 1/1
    59 | D:1      | Reached XP level 2. HP: 4/23 MP: 2/2
   400 | D:1      | Reached XP level 3. HP: 25/28 MP: 3/3
   837 | D:2      | Reached skill level 1 in Invocations
  1181 | D:2      | Reached skill level 1 in Short Blades
  1181 | D:2      | Reached skill level 1 in Long Blades
  1181 | D:2      | Reached skill level 1 in Axes
  1181 | D:2      | Reached skill level 1 in Maces & Flails
  1181 | D:2      | Reached skill level 1 in Polearms
  1181 | D:2      | Reached skill level 1 in Staves
  1181 | D:2      | Reached skill level 1 in Ranged Weapons
  1181 | D:2      | Reached skill level 1 in Throwing
  1181 | D:2      | Reached skill level 1 in Armour
  1181 | D:2      | Reached skill level 1 in Stealth
  1181 | D:2      | Reached skill level 1 in Shields
  1181 | D:2      | Reached skill level 1 in Spellcasting
  1181 | D:2      | Reached skill level 1 in Evocations
  1546 | D:3      | Reached XP level 4. HP: 33/34 MP: 5/5
  1604 | D:3      | Identified the +4 ring mail of Context {Int+3}
  1708 | D:3      | Reached skill level 1 in Conjurations
  1708 | D:3      | Reached skill level 1 in Hexes
  1708 | D:3      | Reached skill level 1 in Summonings
  1708 | D:3      | Reached skill level 1 in Necromancy
  1708 | D:3      | Reached skill level 1 in Translocations
  1708 | D:3      | Reached skill level 1 in Transmutations
  1708 | D:3      | Reached skill level 1 in Fire Magic
  1708 | D:3      | Reached skill level 1 in Ice Magic
  1708 | D:3      | Reached skill level 1 in Air Magic
  1708 | D:3      | Reached skill level 1 in Earth Magic
  1708 | D:3      | Reached skill level 1 in Poison Magic
  1819 | D:3      | Reached XP level 5. HP: 40/40 MP: 5/7
  2333 | D:4      | Found a bloodstained altar of Trog.
  2338 | D:4      | Found a staircase to the Ecumenical Temple.
  2356 | D:4      | Reached XP level 6. HP: 36/47 MP: 8/8
  2545 | D:4      | Reached skill level 5 in Dodging
  2699 | D:4      | Found a hazy altar of Hepliaklqana.
  2892 | D:5      | Entered Level 5 of the Dungeon
  2892 | D:5      | Noticed a water moccasin
  2905 | D:5      | Killed a water moccasin
  2906 | D:5      | Reached XP level 7. HP: 51/52 MP: 10/10
  2924 | D:5      | Noticed Grinder
  2928 | D:5      | Found an ancient bone altar of Kikubaaqudgha.
  2939 | D:5      | Paralysed by Grinder for 4 turns
  2951 | D:5      | Killed Grinder
  3415 | D:5      | Reached XP level 8. HP: 48/60 MP: 12/12
  3733 | D:5      | You fall into a shaft and drop 3 floors!
  3735 | D:8      | Found a viscous altar of Jiyva.
  4072 | D:8      | Found a flagged portal.
  4086 | Bailey   | Entered a bailey
  4298 | Bailey   | HP: 2/90 [orc warrior/+0 halberd (10)]
  4299 | Bailey   | Slain by an orc warrior

Illustrated notes

Levels and vault maps discovered:
D:1:      reono_arrival_mine, layout_rooms, serial_bayou_lagoon_b
D:2:      layout_basic
D:3:      layout_loops_ring
D:4:      layout_cave_pools, mainiacjoe_overflow_cross_hatched,
          trog_butcher_becter, minmay_temple_entry_overgrown, serial_glass,
          glass_columns_c, glass_columns_b
D:5:      layout_loops_corners, kiku_gazebo_pond_becter,
          kennysheep_decorative_pillar, uniq_grinder
D:8:      layout_gridville, lemuel_round_altar, enter_bailey_5, jiyva_altar_1,
          uniq_jeremiah
Bailey:   bailey_polearm_elven_captive_hellmonk, bailey

Skill      XL: |  1  2  3  4  5  6  7  8 |
---------------+-------------------------+-----
Invocations    | 1 2 3 |  3.7
Short Blades   | 1 2 3 |  3.3
Long Blades    | 1 2 3 |  3.3
Axes           | 1 2 3 |  3.3
Maces & Flails | 1 2 3 |  3.3
Polearms       | 1 2 3 |  3.3
Staves         | 1 2 3 |  3.3
Ranged Weapons | 1 2 3 |  3.3
Throwing       | 1 2 3 |  3.3
Armour         | 1 2 3 |  3.3
Stealth        | 1 2 3 |  3.3
Shields        | 1 2 3 |  3.3
Spellcasting   | 1 2 3 |  3.3
Evocations     | 1 2 3 |  3.3
Conjurations   | 1 2 |  2.7
Hexes          | 1 2 |  2.7
Summonings     | 1 2 |  2.7
Necromancy     | 1 2 |  2.7
Translocations | 1 2 |  2.7
Transmutations | 1 2 |  2.7
Fire Magic     | 1 2 |  2.7
Ice Magic      | 1 2 |  2.7
Air Magic      | 1 2 |  2.7
Earth Magic    | 1 2 |  2.7
Poison Magic   | 1 2 |  2.7
Fighting       | 3 4 |  4.3
Dodging        | 5 |  5.7
Unarmed Combat | 7 |  7.4
Shapeshifting  | 7 |  7.1

Action                     |  1- 3 |  4- 6 |  7- 9 || total
---------------------------+-------+-------+-------++-------
  Melee: Unarmed           |   103 |   150 |   108 ||   361
         Bite              |     7 |    17 |    13 ||    37
    Use: Scroll            |       |       |    10 ||    10
         Potion            |       |       |     4 ||     4
 Armour: Animal skin       |    17 |     1 |       ||    18
         Ring mail         |       |    47 |    68 ||   115
         Skin              |       |       |     2 ||     2
  Dodge: Dodged            |    71 |    81 |   101 ||   253
   Form: Flux              |     1 |       |       ||     1

Table legend: (Time is in decaauts)
 A = Elapsed time spent in this place.
 B = Non-inter-level travel time spent in this place.
 C = Inter-level travel time spent in this place.
 D = Time resting spent in this place.
 E = Time spent auto-exploring this place.
 F = Levels seen in this place.
 G = Mean time per level.
                   A        B        C        D        E       F      G
               +--------+--------+--------+--------+--------+-----+--------+
         Total |   4275 |   4183 |     92 |      0 |   3306 |   7 |  610.7 |
       Dungeon |   4065 |   3973 |     92 |      0 |   3194 |   6 |  677.5 |
        Bailey |    210 |    210 |      0 |      0 |    112 |   1 |  210.0 |
               +--------+--------+--------+--------+--------+-----+--------+

Top non-repeatable levels by time:
     D:3: 840 daAuts
     D:5: 834 daAuts
     D:2: 756 daAuts
     D:1: 714 daAuts
     D:4: 572 daAuts
     D:8: 347 daAuts
  Bailey: 210 daAuts
